 Dungeon Crawl Stone Soup version 0.32-a0-928-g1cae6b7ea0 (webtiles) character file.

Game seed: 6600912314694105406

198595 ParallaxScroll the Severer (level 17, -8/156 HPs)
             Began as a Mountain Dwarf Fighter on Apr 12, 2024.
             Was the Champion of Okawaru.
             Killed from afar by a thermic dynamo (18 damage)
             ... with a rebounding bolt of cold
             ... on level 1 of the Elven Halls on Apr 13, 2024.
             The game lasted 02:53:47 (45905 turns).

ParallaxScroll the Severer (MDFi)                  Turns: 45905, Time: 02:53:48

Health: -8/156     AC: 35    Str: 29    XL:     17   Next: 81%
Magic:  26/26      EV:  9    Int:  9    God:    Okawaru [******]
Gold:   1551       SH: 14    Dex: 11    Spells: 16/16 levels left

rFire   + + .        a - +9 broad axe (flame)
rCold   + + .        X - +0 kite shield {reflect}
rNeg    . . .        V - +1 crystal plate armour of Trumpets {rPois Will+ Slay+2}
rPois   +            u - +2 helmet
rElec   +            h - scarf {rC+ rF+}
rCorr   +            L - +0 pair of gloves
SInv    +            t - +0 pair of boots
Will    ++...        m - amulet of faith Stlth
                     o - +6 ring of strength
HPRegen 0.46/turn    U - ring of see invisible
MPRegen 0.20/turn

%: reflection, faith
@: mighty, resistant, heroic, studying Shields
A: runic magic, artefact enchanting, dopey 1
}: 1/15 runes: gossamer
a: Renounce Religion, Heroism, Finesse, Duel


You were on level 1 of the Elven Halls.
You worshipped Okawaru.
Okawaru was exalted by your worship.
You visited 6 branches of the dungeon, and saw 30 of its levels.
You also visited: Sewer and Ice Cave.

You collected 2807 gold pieces.
You spent 1256 gold pieces at shops.

Inventory:

Hand Weapons
 a - a +9 broad axe of flaming (weapon)
 b - the +5 trident of Blood {venom, rElec rC+ Int+3}
   (You took it off a meliai on level 4 of the Spider Nest)

   Int+3:     It affects your intelligence (+3).
   rC+:       It protects you from cold.
   rElec:     It insulates you from electricity.
Missiles
 c - 5 atropa-tipped darts
 k - 2 curare-tipped darts
 r - 27 poisoned darts
 D - 44 boomerangs (quivered)
 E - 31 javelins
 K - 22 darts of dispersal
 S - 7 datura-tipped darts
 Z - 11 silver javelins
Armour
 h - a scarf of resistance (worn)
 t - a +0 pair of boots (worn)
 u - a +2 helmet (worn)
 L - a +0 pair of gloves (worn)
 V - the +1 crystal plate armour of Trumpets (worn) {rPois Will+ Slay+2}
   (Okawaru gifted it to you on level 9 of the Dungeon)

   Slay+2:    It affects your accuracy & damage with ranged weapons and melee
   (+2).
   rPois:     It protects you from poison.
   Will+:     It increases your willpower.
 X - a +0 kite shield of reflection (worn)
Jewellery
 f - a ring of protection from cold
 m - an amulet of faith (around neck)
 o - a +6 ring of strength (left hand)
 y - a +4 ring of protection
 I - a ring of fire
 O - a ring of resist corrosion
 U - a ring of see invisible (right hand)
 Y - a ring of flight
Wands
 n - a wand of iceblast (19)
 w - a wand of polymorph (5)
 A - a wand of mindburst (32)
 B - a wand of quicksilver (24)
 F - a wand of flame (66)
 N - a wand of digging (8)
Scrolls
 i - 5 scrolls of fear
 s - 13 scrolls of teleportation
 C - 3 scrolls of fog
 H - 7 scrolls of vulnerability
 M - 4 scrolls of immolation
 P - 3 scrolls of poison
 Q - a scroll of silence
 R - 4 scrolls of blinking
 W - 2 scrolls of revelation
Potions
 d - 6 potions of might
 e - 3 potions of invisibility
 g - 6 potions of haste
 j - 12 potions of curing
 l - 2 potions of attraction
 p - 6 potions of lignification
 q - a potion of heal wounds
 v - 9 potions of enlightenment
 x - 3 potions of resistance
 z - a potion of magic
 G - 6 potions of cancellation
 J - 2 potions of berserk rage
 T - 10 potions of ambrosia


   Skills:
 + Level 15.2(20.2) Fighting
 - Level 0.2(5.2) Short Blades
 - Level 18.0(23.0) Axes
 - Level 11.0(16.0) Throwing
 + Level 15.2(20.2) Armour
 + Level 5.3(10.3) Dodging
 + Level 14.5(19.5) Shields
 - Level 13.0 Invocations
 + Level 11.3 Evocations


You had 16 spell levels left.
You didn't know any spells.
Your spell library contained the following spells:

 Spells                   Type           Power      Damage    Failure   Level
 Apportation              Tloc           0%         N/A       65%         1
 Magic Dart               Conj           0%         1d3       65%         1
 Blink                    Tloc           0%         N/A       80%         2
 Jinxbite                 Hex            0%         N/A       80%         2
 Lesser Beckoning         Tloc           0%         N/A       80%         2
 Momentum Strike          Conj/Tloc      0%         3d8       80%         2
 Static Discharge         Conj/Air       0%         3-3/arc   80%         2
 Hailstorm                Conj/Ice       0%         3d5       95%         3
 Sigil of Binding         Hex            0%         N/A       95%         3
 Airstrike                Air            0%         2d(0-16)  100%        4
 Anguish                  Hex/Necr       0%         N/A       100%        4
 Cause Fear               Hex            0%         N/A       100%        4
 Leda's Liquefaction      Alch/Erth      0%         N/A       100%        4
 Petrify                  Alch/Erth      0%         N/A       100%        4
 Alistair's Intoxication  Alch           0%         N/A       100%        5
 Fireball                 Conj/Fire      0%         3d3       100%        5
 Metabolic Englaciation   Hex/Ice        0%         N/A       100%        5
 Yara's Violent Unravell  Hex/Alch       0%         3d3       100%        5
 Permafrost Eruption      Ice/Erth       0%         2x4d1     100%        6
 Enfeeble                 Hex            0%         N/A       100%        7
 Call Imp                 Summ           Unusable   N/A       N/A         2
 Summon Ice Beast         Ice/Summ       Unusable   N/A       N/A         3
 Tukima's Dance           Hex            Unusable   N/A       N/A         3
 Summon Lightning Spire   Summ/Air       Unusable   N/A       N/A         4
 Sculpt Simulacrum        Ice/Alch       Unusable   N/A       N/A         6
 Dragon's Call            Summ           Unusable   N/A       N/A         9

Dungeon Overview and Level Annotations

Branches:
Dungeon (15/15)            Temple (0/1) D:6            Lair (5/5) D:11
  Swamp (3/4) Lair:3       Spider (4/4) Lair:3        Slime (0/5) Lair:5
    Orc (2/2) D:10            Elf (1/3) Orc:2        Vaults (0/5) D:14
 Depths (0/4) D:15          Sewer (visited)           IceCv (visited)

Altars:
Ashenzari
Gozag
Okawaru
Wu Jian
Jiyva

Shops:
Orc:2 =?[*[   Elf:1 [

Annotations:
Swamp:3 Nikola


Innate Abilities, Weirdness & Mutations

Your spellcasting is much less encumbered by armour.
You can use scrolls of enchantment on lesser artefacts.
You are dopey. (Int -2)


Message History

* * * LOW HITPOINT WARNING * * *
The deep elf archer unwields a +0 shortbow.
The deep elf archer wields a +0 short sword of electrocution.
You hear the crackle of electricity.
The deep elf archer hits you but does no damage.
The thermic dynamo attacks as it pursues you!
The thermic dynamo hits you but does no damage.
You block the thermic dynamo's attack.
You slice the deep elf archer!! You burn the deep elf archer!
The deep elf archer is almost dead.
You closely miss the thermic dynamo.
A thermic dynamo comes into view.
The deep elf archer hits you but does no damage.
You block the thermic dynamo's attack. The thermic dynamo hits you.
* * * LOW HITPOINT WARNING * * *
The thermic dynamo freezes you. You resist.
* * * LOW HITPOINT WARNING * * *
You feel very mighty all of a sudden.
The deep elf archer gestures wildly while chanting.
The deep elf archer blinks!
The deep elf archer gestures wildly while chanting.
The deep elf archer blinks!
The thermic dynamo overcharges itself and releases excess heat at you.
The rebounding bolt of fire hits you but does no damage.
The rebounding bolt of fire hits you. You resist.
* * * LOW HITPOINT WARNING * * *
The rebounding bolt of fire hits the thermic dynamo.
The thermic dynamo completely resists.
A wild whirl of fire shoots out from the thermic dynamo at you.
The rebounding bolt of fire hits the thermic dynamo.
The thermic dynamo completely resists.
The rebounding bolt of fire misses you. The rebounding bolt of fire hits you.
You resist.
* * * LOW HITPOINT WARNING * * *
The deep elf archer unwields a +0 shortbow.
The deep elf archer wields a +0 dagger.
The deep elf archer hits you but does no damage.
A wild whirl of ice shoots out from the thermic dynamo at you.
The rebounding bolt of cold misses you. The rebounding bolt of cold hits you!!
You resist.
You die...

##........##.#...##.#
#.#
#.....###.##.....)..#
#.#
##....###.##.......##
##.
#....)...#.........####.
##...)...'.........'....
##.e.####.........##...
#..e## ##.......###.##
#.###e## ##.....## #. #
#.# ##@# ##...## # # #.
#.# # # #v# # #ยง## #
..v #.... #.... #..e.
#....


You could see 4 deep elf archers and 2 thermic dynamos.

Vanquished Creatures
  Zenata (Elf:1)
  An emperor scorpion (Spider:4)
  2 ghost moths (Spider:4)
  A reaper (IceCv)
  4 broodmothers
  An eleionoma (Swamp:2)
  A deep elf death mage (Elf:1)
  5 spark wasps
  2 bunyips
  2 entropy weavers (Spider:3)
  A fire dragon (Lair:5)
  11 hydras
  A rakshasa (D:15)
  3 vault guards (D:14)
  A catoblepas (D:10)
  4 boulder beetles
  A centaur warrior (D:15)
  2 radroaches
  3 dancing weapons
  10 demonic crawlers
  7 alligators
  6 tengu warriors
  3 death yaks (Lair:4)
  A death knight (D:15)
  5 orc high priests (Orc:2)
  2 deep elf knights (Elf:1)
  A skyshark (Lair:5)
  10 pharaoh ants
  5 skeletal warriors (D:13)
  4 arcanists (D:14)
  4 goliath frogs
  6 orb spiders
  A glowing orange brain (D:15)
  A lindwurm (Lair:5)
  A sun moth (Spider:4)
  7 orc knights
  3 thermic dynamos (Elf:1)
  9 deep elf zephyrmancers
  A necromancer (D:14)
  4 steelbarb worms
  An obsidian bat (Orc:2)
  11 deep elf pyromancers
  19 wolf spiders
  35 ugly things
  An orc sorcerer (Elf:1)
  2 will-o-the-wisps
  5 cyclopes
  12 elephants
  A manticore (D:10)
  8 black mambas
  2 meliai (shapeshifter)
  2 ice statues (IceCv)
  6 moths of wrath
  3 kobold blastminers (Orc:1)
  7 meliai
  3 molten gargoyles (Lair:5)
  A black mamba (shapeshifter) (Elf:1)
  5 torpor snails
  A gargoyle (D:14)
  12 cane toads
  2 unseen horrors
  12 komodo dragons
  An unseen horror (shapeshifter) (Elf:1)
  2 efreet
  3 yaktaurs (D:15)
  Psyche (D:8)
  6 rime drakes
  A tengu conjurer (D:13)
  7 ice devils
  5 trolls
  13 tyrant leeches
  A polar bear (Lair:1)
  3 hornets
  26 tarantellas
  25 jumping spiders
  Grinder (D:3)
  8 blink frogs
  2 slime creatures (D:15)
  3 vampires
  An air elemental (Elf:1)
  18 culicivoras
  A shadow (D:11)
  2 spriggans
  6 wyverns
  70 yaks
  A yak (shapeshifter) (D:13)
  3 wraiths
  9 basilisks
  A fire elemental (Elf:1)
  5 steam dragons
  18 humans (D:14)
  30 redbacks
  A golden eye (shapeshifter) (Elf:1)
  A redback (shapeshifter) (D:15)
  12 vampire mosquitoes
  8 wargs
  18 swamp worms
  A harpy simulacrum (D:14)
  A hydra simulacrum (IceCv)
  3 acid dragons
  6 water moccasins
  4 hell hounds (Lair:5)
  33 orc warriors
  An ice beast (D:7)
  3 sky beasts (D:9)
  A black bear (Lair:1)
  An ogre (D:15)
  An ogre (shapeshifter) (D:15)
  10 wolves
  3 centaurs
  A phantom (D:5)
  4 kobold brigands
  21 bullfrogs
  4 gnoll sergeants (D:9)
  2 scorpions
  2 two-headed ogre simulacra (IceCv)
  2 earth elementals (Elf:1)
  5 cane toad simulacra (IceCv)
  3 killer bees (D:8)
  An elephant simulacrum (IceCv)
  An electric eel (Lair:4)
  2 vampire bats (D:13)
  5 howler monkeys
  5 lava snakes (Lair:5)
  3 hounds
  2 jellies (D:7)
  Crazy Yiuf (D:4)
  3 bombardier beetles
  25 orc priests
  2 sleepcaps (D:5)
  Jessica (D:3)
  5 iguanas
  Terence (D:2)
  14 orc wizards
  Natasha (thrice) (D:3)
  2 polar bear simulacra (IceCv)
  5 spriggan simulacra (IceCv)
  A hell rat (Lair:2)
  A wolf simulacrum (IceCv)
  13 gnolls (D:9)
  8 adders
  A naga simulacrum (IceCv)
  5 white imps
  4 ufetubi (IceCv)
  2 ribbon worms (D:2)
  9 dart slugs
  73 orcs
  9 bats
  13 endoplasms
  6 giant cockroaches
  4 goblins
  8 hobgoblins
  13 ball pythons
  15 frilled lizards
  17 kobolds
  4 rats
1001 creatures vanquished.

Vanquished Creatures (others)
  2 bloated husks (Swamp:1)
  8 foxfires
10 creatures vanquished.

Grand Total: 1011 creatures vanquished

Notes
Turn   | Place    | Note
-------+----------+-------------------------------------------
     0 | D:1      | ParallaxScroll the Mountain Dwarf Fighter began the quest
                  | for the Orb.
     0 | D:1      | Reached XP level 1. HP: 19/19 MP: 1/1
    71 | D:1      | Reached skill level 3 in Axes
   194 | D:1      | Reached XP level 2. HP: 26/26 MP: 2/2
   917 | D:2      | Reached XP level 3. HP: 31/33 MP: 3/3
  1013 | D:2      | Found a faded altar of an unknown god.
  1055 | D:2      | Prayed at the altar of an unknown god.
  1055 | D:2      | Became a worshipper of Warmaster Okawaru
  1055 | D:2      | Reached * piety under Okawaru
  1205 | D:2      | Reached skill level 1 in Invocations
  1214 | D:2      | Noticed Terence
  1238 | D:2      | Killed Terence
  1341 | D:2      | Got Tiedwosi's Incunabulum of Beguiling
  1635 | D:3      | Noticed Jessica
  1652 | D:3      | Killed Jessica
  1653 | D:3      | Reached skill level 1 in Dodging
  1653 | D:3      | Reached XP level 4. HP: 29/40 MP: 6/6
  1951 | D:3      | Noticed Grinder
  2048 | D:3      | Noticed Natasha
  2065 | D:3      | Killed Natasha
  2210 | D:3      | Noticed Natasha
  2432 | D:3      | Reached XP level 5. HP: 46/46 MP: 8/8
  2768 | D:3      | Reached skill level 4 in Axes
  2778 | D:3      | Killed Grinder
  2779 | D:3      | Reached skill level 6 in Axes
  2779 | D:3      | Reached XP level 6. HP: 27/52 MP: 9/9
  2898 | D:3      | Identified the +8 chain mail of Hangman {Will++ Str-3
                  | Dex+2}
  2991 | D:3      | Killed Natasha
  3145 | D:3      | Noticed Natasha
  3151 | D:3      | Killed Natasha
  3212 | D:3      | Reached ** piety under Okawaru
  3329 | D:4      | Reached skill level 1 in Evocations
  3367 | D:4      | Identified the +1 robe "Quaxy" {Str+5}
  3463 | D:4      | You fall into a shaft and drop 1 floor!
  3463 | D:5      | Entered Level 5 of the Dungeon
  3479 | D:5      | Reached XP level 7. HP: 42/59 MP: 10/10
  3782 | D:5      | Reached skill level 7 in Axes
  3782 | D:5      | Reached skill level 5 in Invocations
  3953 | D:5      | Found a glowing drain.
  3961 | Sewer    | Entered a sewer
  4383 | Sewer    | Reached skill level 8 in Axes
  4398 | Sewer    | Reached *** piety under Okawaru
  4647 | D:4      | Reached XP level 8. HP: 46/66 MP: 12/12
  4920 | D:4      | Found a runed translucent door.
  4921 | D:4      | Noticed Crazy Yiuf
  4951 | D:4      | Reached skill level 1 in Throwing
  5019 | D:4      | Killed Crazy Yiuf
  5368 | D:6      | Found a staircase to the Ecumenical Temple.
  5949 | D:7      | Reached skill level 5 in Fighting
  6213 | D:7      | Reached skill level 9 in Axes
  6714 | D:8      | Reached skill level 10 in Axes
  6719 | D:8      | Reached **** piety under Okawaru
  6728 | D:8      | Reached XP level 9. HP: 70/74 MP: 14/14
  6888 | D:8      | Reached skill level 11 in Axes
  6952 | D:8      | Reached ***** piety under Okawaru
  7519 | D:8      | Noticed Psyche
  7532 | D:8      | Killed Psyche
  7533 | D:8      | Reached skill level 5 in Armour
  7533 | D:8      | Reached skill level 5 in Evocations
  8161 | D:9      | Noticed a troll
  8173 | D:9      | Killed a troll
  8174 | D:9      | Reached XP level 10. HP: 54/83 MP: 15/17
  8531 | D:9      | Reached skill level 10 in Invocations
  8912 | D:9      | Found a broken altar of Ashenzari.
  8932 | D:9      | Found an opulent altar of Gozag.
  9470 | D:9      | Found a broken altar of Ashenzari.
  9489 | D:9      | Found an opulent altar of Gozag.
  9572 | D:10     | Entered Level 10 of the Dungeon
  9940 | D:10     | Noticed a manticore
  9941 | D:10     | Noticed a catoblepas
 10275 | D:10     | Reached ****** piety under Okawaru
 10291 | D:9      | Received a gift from Okawaru
 10293 | D:9      | Acquired a +6 broad axe of flaming
 10293 | D:9      | Received a gift from Okawaru
 10296 | D:9      | Acquired the +0 crystal plate armour of Trumpets {rPois
                  | Will+ Slay+2}
 10296 | D:9      | Received a gift from Okawaru
 10469 | D:10     | Killed a catoblepas
 10621 | D:10     | Killed a manticore
 10622 | D:10     | Reached XP level 11. HP: 50/92 MP: 19/19
 11328 | D:10     | Reached skill level 12 in Axes
 11413 | D:10     | Found a staircase to the Orcish Mines.
 11786 | D:10     | Found a staircase to the Orcish Mines.
 12173 | D:11     | Found a staircase to the Lair.
 12418 | D:11     | Received a gift from Okawaru
 12764 | D:11     | Reached skill level 13 in Axes
 12860 | D:11     | Noticed a boulder beetle
 12905 | D:11     | Killed a boulder beetle
 13061 | Lair:1   | Entered Level 1 of the Lair of Beasts
 13073 | D:11     | Received a gift from Okawaru
 13307 | Lair:1   | Reached skill level 10 in Armour
 13453 | Lair:1   | Noticed a spriggan rider
 13471 | Lair:1   | Received a gift from Okawaru
 13607 | Lair:1   | Identified the +1 robe "Yfoelues" {Rampage Will+ rCorr
                  | Dex+3}
 13736 | Lair:1   | Reached XP level 12. HP: 100/100 MP: 20/20
 14038 | Lair:1   | Received a gift from Okawaru
 14787 | Lair:2   | Found a frozen archway.
 14857 | IceCv    | Entered an ice cave
 15472 | IceCv    | Noticed a reaper
 15499 | IceCv    | Killed a reaper
 15500 | IceCv    | Reached skill level 14 in Axes
 15686 | IceCv    | Received a gift from Okawaru
 16371 | Lair:2   | Reached skill level 5 in Throwing
 16798 | Lair:2   | Received a gift from Okawaru
 17168 | Lair:3   | Found a hole to the Spider Nest.
 17310 | Lair:3   | Reached XP level 13. HP: 81/111 MP: 22/22
 18264 | Lair:3   | Received a gift from Okawaru
 18354 | Lair:3   | Found a staircase to the Swamp.
 19011 | Lair:4   | Reached skill level 15 in Axes
 19020 | Lair:4   | Received a gift from Okawaru
 20175 | Lair:5   | Entered Level 5 of the Lair of Beasts
 20221 | Lair:4   | Received a gift from Okawaru
 20261 | Lair:5   | Reached skill level 10 in Fighting
 20365 | Lair:5   | Found a staircase to the Slime Pits.
 20601 | Lair:5   | Received a gift from Okawaru
 21115 | Lair:5   | Reached XP level 14. HP: 89/124 MP: 23/23
 21351 | Lair:5   | Found a large runed translucent door.
 21472 | Lair:5   | Received a gift from Okawaru
 21655 | Lair:5   | Found a large runed translucent door.
 21822 | Lair:5   | Found a viscous altar of Jiyva.
 22578 | Lair:5   | Received a gift from Okawaru
 24026 | D:13     | Reached skill level 5 in Shields
 24244 | D:13     | Received a gift from Okawaru
 25763 | D:14     | Received a gift from Okawaru
 26402 | D:14     | Received a gift from Okawaru
 27042 | D:14     | Found a gate to the Vaults.
 27062 | D:14     | Reached XP level 15. HP: 79/132 MP: 21/24
 27079 | D:14     | Received a gift from Okawaru
 27400 | Orc:1    | Entered Level 1 of the Orcish Mines
 27519 | Orc:1    | Reached skill level 16 in Axes
 27588 | Orc:2    | Entered Level 2 of the Orcish Mines
 28471 | Orc:2    | Found a staircase to the Elven Halls.
 28552 | Orc:2    | Reached skill level 10 in Throwing
 28918 | Orc:2    | Found Ulyst's Jewellery Shop.
 28926 | Orc:2    | Bought a ring of see invisible for 180 gold pieces
 29277 | Orc:2    | Gained mutation: You are dopey. (Int -2) [a neqoxec]
 29296 | Orc:2    | Received a gift from Okawaru
 29662 | Orc:2    | Found Muotweis's Magic Scroll Boutique.
 29665 | Orc:2    | Found Plog's Assorted Antiques.
 29666 | Orc:2    | Found Periakh's Armour Boutique.
 29667 | Orc:2    | Found Petom's Antique Armour Shop.
 29671 | Orc:2    | Bought a granite ring for 125 gold pieces
 29677 | Orc:2    | Bought a scroll of fear for 52 gold pieces
 29677 | Orc:2    | Bought a scroll of fog for 52 gold pieces
 29677 | Orc:2    | Bought a scroll of fear for 52 gold pieces
 29680 | Orc:2    | Bought a potion of attraction for 75 gold pieces
 29680 | Orc:2    | Bought a scroll of teleportation for 75 gold pieces
 29680 | Orc:2    | Bought a wand of digging (1) for 105 gold pieces
 29914 | D:15     | Entered Level 15 of the Dungeon
 30038 | D:14     | Reached skill level 17 in Axes
 30143 | D:14     | Received a gift from Okawaru
 30329 | D:15     | Found an ornate altar of the Wu Jian Council.
 31854 | D:15     | Received a gift from Okawaru
 31949 | D:15     | Identified a scroll of acquirement
 31949 | D:15     | Acquired a manual of Shields
 32396 | D:15     | Received a gift from Okawaru
 32482 | D:15     | Found a staircase to the Depths.
 32618 | D:15     | Found an ornate altar of the Wu Jian Council.
 33105 | Orc:2    | Bought a ring of resist corrosion for 240 gold pieces
 33280 | Swamp:1  | Entered Level 1 of the Swamp
 33722 | Swamp:1  | Reached XP level 16. HP: 139/139 MP: 25/25
 34004 | Swamp:1  | Reached skill level 18 in Axes
 34207 | Swamp:1  | Reached skill level 10 in Shields
 34931 | Swamp:2  | Received a gift from Okawaru
 35724 | Swamp:3  | Noticed Nikola
 35848 | Spider:1 | Entered Level 1 of the Spider Nest
 36226 | Spider:1 | Received a gift from Okawaru
 37801 | Spider:2 | Received a gift from Okawaru
 38090 | Spider:2 | Reached skill level 10 in Evocations
 39212 | Spider:2 | Received a gift from Okawaru
 40415 | Spider:3 | Received a gift from Okawaru
 40424 | Spider:3 | Reached XP level 17. HP: 147/148 MP: 26/26
 41573 | Spider:4 | Entered Level 4 of the Spider Nest
 42499 | Spider:4 | Received a gift from Okawaru
 43362 | Spider:4 | Received a gift from Okawaru
 43369 | Spider:4 | Reached skill level 5 in Dodging
 43554 | Spider:4 | Identified the +5 trident of Blood {venom, rElec rC+ Int+3}
 43680 | Spider:4 | Got a gossamer rune of Zot
 44159 | Elf:1    | Entered Level 1 of the Elven Halls
 44249 | Orc:2    | Reached skill level 15 in Fighting
 44256 | Orc:2    | Reached skill level 15 in Armour
 44715 | Elf:1    | Noticed Zenata
 44735 | Elf:1    | Killed Zenata
 45203 | Elf:1    | Found Ganepos's Antique Armour Shoppe.
 45212 | Elf:1    | Bought a runed helmet for 300 gold pieces
 45390 | Elf:1    | Paralysed by an air elemental for 1 turns
 45490 | Elf:1    | Received a gift from Okawaru
 45905 | Elf:1    | Killed from afar by a thermic dynamo

Illustrated notes

Levels and vault maps discovered:
D:1:      spicycebolla_arrival_xxxplode, layout_rooms
D:2:      layout_loops_ring, ebering_ecumenical_altar_rust, uniq_terence
D:3:      layout_basic, uniq_natasha, uniq_grinder, uniq_jessica
D:4:      layout_basic, kennysheep_flooded_box, uniq_crazy_yiuf_cottage
D:5:      layout_basic, portal_sewer_entry_a
D:6:      layout_basic, minmay_temple_entry_ruins
D:7:      layout_rooms, due_unseen_surprise
D:8:      layout_basic, minmay_unpleasant_kobolds, uniq_psyche
D:9:      layout_roguey, mainiacjoe_overflow_swirl, minmay_tree_intersection,
          hangedman_misty_isle
D:10:     nzn_motion_control, layout_gridville, david_orc_4,
          chequers_serial_rivers_micro_e, kennysheep_nub
D:11:     layout_basic, lair_entry_dummy
D:12:     layout_rooms, grunt_ministairs_13
D:13:     layout_basic, roderic_batcave, minmay_liquid_box
D:14:     layout_basic, grunt_vaults_entry_tiered,
          hangedman_abyss_or_decor_slice
D:15:     gammafunk_enter_depths_forms, layout_basic,
          nicolae_wu_jian_wuxing_cycle
Lair:1:   layout_regular_city, minivault_26, grunt_forest_large_clearings
Lair:2:   layout_hall_layers, portal_ice_cave_demonic_guard, st_stairs_6
Lair:3:   layout_loops_ring, palyth_hydra_swamp_entry, spider_nest_entry_webs
Lair:4:   layout_long_grid, infiniplex_staircase_pool
Lair:5:   cheibrodos_lair_end_hotspot, layout_cave_shapes, slime_entry_1,
          serial_bayou_lagoon_b
Swamp:1:  layout_falls_marsh, evilmike_swamp_ruin_house_3,
          nicolae_swamp_vermiculated
Swamp:2:  layout_falls_marsh, nicolae_swamp_trees_clearing,
          nicolae_swamp_little_swirl
Swamp:3:  layout_basic_swamp, nicolae_swamp_godswood, uniq_nikola
Spider:1: layout_chambers, hangedman_spider_tarantella_strand
Spider:2: layout_chambers
Spider:3: layout_spider_delve
Spider:4: grunt_spider_rune_parallel
Orc:1:    layout_caves, mines5_lemuel
Orc:2:    st_orc_pillars, layout_caves, serial_shops, nicolae_shop_gaudy_bauble
Elf:1:    eino_elf_arrival_shootout, layout_loops_corners, serial_shops,
          nicolae_lakefront_shop, nicolae_elf_crossing_hall, feat_on_display,
          uniq_zenata

Skill      XL: |  1  2  3  4  5  6  7  8  9 10 11 12 13 14 15 16 17 |
---------------+----------------------------------------------------+-----
Axes           | 3 6 8 10 11 13 14 15 17 18 | 18.0
Fighting       | 4 5 6 7 9 11 12 14 15 | 15.2
Invocations    | 3 4 6 7 9 11 12 13 | 13.0
Dodging        | 1 3 4 5 |  5.3
Evocations     | 1 2 4 5 6 7 8 9 10 11 | 11.3
Armour         | 4 5 6 10 11 12 13 14 15 | 15.2
Throwing       | 1 2 5 6 9 10 11 | 11.0
Shields        | 4 5 9 13 14 | 14.5
Short Blades   | |  0.2

Action                     |  1- 3 |  4- 6 |  7- 9 | 10-12 | 13-15 | 16-18 || total
---------------------------+-------+-------+-------+-------+-------+-------++-------
  Melee: War axe           |    28 |    44 |   380 |   182 |       |       ||   634
         Dagger            |    88 |    53 |       |       |       |       ||   141
         Broad axe         |       |       |       |   457 |  1110 |   837 ||  2404
  Throw: Stone             |     1 |    12 |    21 |       |       |       ||    34
         Dart              |       |     2 |    18 |    13 |     4 |    19 ||    56
         Throwing net      |       |       |       |     1 |       |       ||     1
         Boomerang         |       |       |       |       |     9 |    10 ||    19
 Invoke: Heroism           |     3 |     1 |     4 |     5 |     4 |     6 ||    23
         Receive Weapon    |       |       |       |     1 |       |       ||     1
         Receive Armour    |       |       |       |     1 |       |       ||     1
         Finesse           |       |       |       |     1 |     1 |     1 ||     3
  Evoke: Wand              |       |     1 |    14 |     4 |     3 |     2 ||    24
    Use: Scroll            |     2 |     6 |    11 |     8 |     7 |     2 ||    36
         Potion            |       |       |       |       |       |     7 ||     7
   Stab: Sleeping          |       |     1 |       |       |       |       ||     1
         Distracted        |       |       |       |     2 |       |       ||     2
         Held in net/web   |       |       |       |     2 |       |       ||     2
 Armour: Scale mail        |    49 |       |       |       |       |       ||    49
         Chain mail        |     8 |    29 |   277 |   130 |       |       ||   444
         Robe              |       |    23 |       |    34 |       |       ||    57
         Crystal plate arm |       |       |       |   320 |  1004 |   711 ||  2035
  Dodge: Dodged            |    35 |    29 |   112 |   138 |   235 |   148 ||   697
  Block: Buckler           |    21 |    18 |    68 |    95 |   182 |       ||   384
         Kite shield       |       |       |       |       |    76 |   504 ||   580
         Reflection        |       |       |       |       |       |    13 ||    13

Table legend: (Time is in decaauts)
 A = Elapsed time spent in this place.
 B = Non-inter-level travel time spent in this place.
 C = Inter-level travel time spent in this place.
 D = Time resting spent in this place.
 E = Time spent auto-exploring this place.
 F = Levels seen in this place.
 G = Mean time per level.
                   A        B        C        D        E       F      G
               +--------+--------+--------+--------+--------+-----+--------+
         Total |  45753 |  41011 |   4742 |  13178 |  20888 |  32 | 1429.8 |
       Dungeon |  20686 |  18510 |   2176 |   5029 |  10449 |  15 | 1379.1 |
          Lair |   8744 |   7711 |   1033 |   2154 |   4212 |   5 | 1748.8 |
         Swamp |   2333 |   2148 |    185 |    828 |    939 |   3 |  777.7 |
   Spider Nest |   7831 |   6860 |    971 |   2802 |   3102 |   4 | 1957.8 |
  Orcish Mines |   2785 |   2411 |    374 |    893 |   1081 |   2 | 1392.5 |
   Elven Halls |   1443 |   1443 |      0 |    517 |    689 |   1 | 1443.0 |
         Sewer |    574 |    574 |      0 |     67 |    219 |   1 |  574.0 |
      Ice Cave |   1354 |   1354 |      0 |    885 |    196 |   1 | 1354.0 |
               +--------+--------+--------+--------+--------+-----+--------+

Top non-repeatable levels by time:
    D:14: 3183 daAuts
    D:10: 2435 daAuts
  Lair:5: 2371 daAuts
     D:9: 2332 daAuts
   Orc:2: 2245 daAuts
Spider:2: 2166 daAuts
Spider:3: 2060 daAuts
  Lair:3: 1901 daAuts
Spider:1: 1818 daAuts
Spider:4: 1785 daAuts
  Lair:4: 1746 daAuts
     D:3: 1659 daAuts
    D:13: 1565 daAuts
    D:15: 1545 daAuts
  Lair:1: 1510 daAuts
